 Dungeon Crawl Stone Soup version 0.25.0 (webtiles) character file.

Game seed: 15708339030729289127

4443 Aviak the Cleaver (level 10, -3/94 HPs)
             Began as a Deep Dwarf Fighter on June 12, 2020.
             Was a Believer of Makhleb.
             Splashed by an orc's acid (8 damage)
             ... on level 8 of the Dungeon.
             The game lasted 00:07:15 (5539 turns).

Aviak the Cleaver (Deep Dwarf Fighter)              Turns: 5539, Time: 00:07:16

Health: -3/94      AC: 13    Str: 22    XL:     10   Next: 15%
Magic:  7/7        EV:  6    Int: 10    God:    Makhleb [**....]
Gold:   300        SH: 11    Dex: 12    Spells: 9/9 levels left

rFire    . . .     SeeInvis +   a - +0 war axe
rCold    . . .     Gourm    .   n - +0 kite shield
rNeg     . . .     Faith    .   H - +0 chain mail (curse)
rPois    .         Spirit   .   (no helmet)
rElec    .         Reflect  .   t - +0 cloak (curse)
rCorr    .         Harm     .   j - +0 pair of gloves
MR       +....                  (no boots)
Stlth    ..........             x - amulet of the acrobat
HPRegen  0.00/turn              u - ring of stealth
MPRegen  0.10/turn              Z - ring of see invisible (curse)

@: non-regenerating
A: damage resistance, heal wounds, sense surroundings 2, no regeneration
a: Heal Wounds, Minor Destruction, Renounce Religion


You were on level 8 of the Dungeon.
You worshipped Makhleb.
Makhleb was pleased with you.
You were hungry.

You visited 2 branches of the dungeon, and saw 9 of its levels.

You collected 300 gold pieces.

Inventory:

Hand Weapons
 a - a +0 war axe (weapon)
Armour
 b - a +0 scale mail
 j - a +0 pair of gloves (worn)
 n - a +0 kite shield (worn)
 t - a cursed +0 cloak (worn)
 H - a cursed +0 chain mail (worn)
Jewellery
 u - a ring of stealth (left hand)
 x - an amulet of the acrobat (around neck)
 Z - a cursed ring of see invisible (right hand)
Wands
 s - a wand of digging (5)
 y - a wand of paralysis (15)
 E - a wand of flame (9)
Scrolls
 g - a scroll of enchant armour {unknown}
 i - a scroll of identify
 k - a scroll of random uselessness {unknown}
 l - 3 scrolls of teleportation {unknown}
 m - 3 scrolls of fear
 o - a scroll of blinking {unknown}
 p - 2 scrolls of immolation {unknown}
 r - 7 scrolls of remove curse
 v - a scroll of enchant weapon {unknown}
 w - a scroll of fog {unknown}
 C - 2 scrolls of magic mapping {unknown}
Potions
 c - 2 potions of curing
 d - 2 potions of might
 e - a potion of lignification {!q}
 h - 2 potions of heal wounds
 q - a potion of mutation {!q}
 z - 2 potions of flight {unknown}
 A - a potion of cancellation {unknown}
 B - 2 potions of stabbing {unknown}
 D - 2 potions of haste {unknown}
Comestibles
 f - 18 rations


   Skills:
 * Level 7.4 Fighting
 * Level 8.5 Axes
 + Level 8.3 Armour
 + Level 8.3 Shields
 + Level 3.7 Invocations


You had 9 spell levels left.
You didn't know any spells.
Your spell library contained the following spells:

 Spells                   Type           Power        Failure   Level  Hunger
 Beastly Appendage        Tmut           #.....       99%         1    ##.....
 Sticks to Snakes         Tmut           #.......     100%        2    ###....
 Spider Form              Tmut/Pois      #.........   100%        3    ####...
 Ice Form                 Ice/Tmut       #.......     100%        4    #####..
 Blade Hands              Tmut           #.........   100%        5    ######.


Dungeon Overview and Level Annotations

Branches:
Dungeon (8/15)             Temple (1/1) D:6
   Lair: D:8-11

Altars:
Ashenzari
Cheibriados
Dithmenos
Elyvilon
Fedhas
Gozag
Hepliaklqana
Kikubaaqudgha
Makhleb
Nemelex Xobeh
Okawaru
Qazlal
Ru
Sif Muna
Trog
Uskayaw
Wu Jian
Xom
Yredelemnul
Zin
Lugonu


Innate Abilities, Weirdness & Mutations

You are resistant to damage.
You can heal yourself by infusing magical energy.
You passively map the area around you.
You do not regenerate.


Message History

You slash the crimson imp! You block the orc's attack.
The crimson imp blinks!
You hit the orc but do no damage.
The orc is almost dead.
You block the orc's attack.
You completely miss the orc.
The orc is almost dead.
You block the orc's attack.
Your shield and chain mail prevent you from hitting the orc.
The orc is almost dead.
The orc hits you but does no damage.
You are feeling hungry.
Your chain mail prevents you from hitting the orc.
The orc is severely wounded.
The crimson imp blinks!
You block the orc's attack.
You completely miss the orc.
The orc is severely wounded.
The orc zaps a wand.
The bolt of acid hits you!
* * * LOW HITPOINT WARNING * * *
You are splashed with acid!
You die...

** ######### , #........, *
###### #........., .....##
#......... * ......## #.........
.......######### #...........###
.............5.####..............
.......#######.(@.#.........%....
.......# ####o.....###.o.....
.......# ####..## ,.o./..
.......# ##..##.###o.t.. .....#.#
** #o.J...##...... #####....
*#...o..5###...J# # *.....,, ,
#.#.o.......<#... # ......,
#..#........###... # ......,
...*#.......## ...


You could see a crimson imp and an orc.

Vanquished Creatures
  Pikel (D:7)
  A hornet (D:8)
  Sigmund (D:6)
  A yak (D:7)
  A human (D:7)
  A hungry ghost (D:7)
  3 hogs (D:7)
  2 water moccasins
  Duvessa (D:7)
  An orc warrior (D:7)
  A sky beast (D:7)
  2 slaves (D:7)
  A black bear (D:7)
  2 centaurs
  4 ogres
  A crocodile (D:8)
  3 bullfrogs
  4 scorpions
  Dowan (D:7)
  5 howler monkeys
  A crimson imp (D:5)
  3 jellies
  4 orc priests
  3 hounds
  7 orc wizards
  A bullfrog skeleton (D:4)
  2 iguanas (D:6)
  5 worker ants
  A hound skeleton (D:8)
  A worker ant zombie (D:7)
  5 adders
  10 gnolls
  4 shadow imps
  An ooze (D:1)
  An adder zombie (D:5)
  An adder skeleton (D:6)
  3 worms
  A dart slug (D:3)
  8 leopard geckos
  28 orcs
  6 bats
  10 giant cockroaches
  3 goblins
  6 hobgoblins
  15 jackals
  6 kobolds
  4 quokkas
  3 ball pythons
  5 frilled lizards
  2 leopard gecko skeletons
  A leopard gecko zombie (D:5)
  2 quokka zombies
  5 rats
195 creatures vanquished.

Vanquished Creatures (others)
  An iguana (D:7)
  A worker ant (D:7)
  An orc (D:7)
3 creatures vanquished.

Grand Total: 198 creatures vanquished

Notes
Turn   | Place    | Note
-------+----------+-------------------------------------------
     0 | D:1      | Aviak the Deep Dwarf Fighter began the quest for the Orb.
     0 | D:1      | Reached XP level 1. HP: 20/20 MP: 1/1
    39 | D:1      | Reached XP level 2. HP: 22/27 MP: 2/2
   429 | D:2      | Reached XP level 3. HP: 23/34 MP: 3/3
   534 | D:2      | Reached XP level 4. HP: 17/42 MP: 4/4
   559 | D:2      | Found a sparkling altar of Nemelex Xobeh.
   559 | D:2      | Found a shimmering altar of Xom.
   565 | D:2      | Found a snail-covered altar of Cheibriados.
   864 | D:2      | Found a hide-covered altar of Uskayaw.
  1606 | D:3      | Reached XP level 5. HP: 22/49 MP: 5/5
  1730 | D:3      | Found a shadowy altar of Dithmenos.
  1732 | D:3      | Found a glowing silver altar of Zin.
  1838 | D:3      | Found an iron altar of Okawaru.
  2161 | D:4      | Reached XP level 6. HP: 53/57 MP: 5/5
  2421 | D:4      | Reached skill level 5 in Shields
  2457 | D:4      | Reached skill level 5 in Armour
  2595 | D:5      | Entered Level 5 of the Dungeon
  2676 | D:5      | Found a shattered altar of Ashenzari.
  2682 | D:5      | Reached XP level 7. HP: 41/66 MP: 6/6
  2752 | D:5      | Found a blossoming altar of Fedhas.
  2941 | D:5      | Reached skill level 5 in Axes
  3669 | D:6      | Reached skill level 5 in Fighting
  3669 | D:6      | Reached XP level 8. HP: 73/74 MP: 6/6
  3712 | D:6      | Noticed Sigmund
  3724 | D:6      | Killed Sigmund
  3775 | D:6      | Found a sacrificial altar of Ru.
  4047 | D:6      | Found a staircase to the Ecumenical Temple.
  4104 | Temple   | Entered the Ecumenical Temple
  4143 | Temple   | Became a worshipper of Makhleb the Destroyer
  4266 | D:7      | Gained mutation: You passively map the area around you.
                  | [Deep Dwarf growth]
  4266 | D:7      | Reached XP level 9. HP: 68/82 MP: 6/6
  4325 | D:7      | Found an opulent altar of Gozag.
  4533 | D:7      | Reached skill level 1 in Invocations
  4548 | D:7      | Noticed Duvessa
  4550 | D:7      | Noticed Dowan
  4570 | D:7      | Killed Dowan
  4572 | D:7      | Killed Duvessa
  4590 | D:7      | Noticed Pikel
  4604 | D:7      | Killed Pikel
  4673 | D:7      | Reached * piety under Makhleb
  4757 | D:7      | Found a shimmering blue altar of Sif Muna.
  5255 | D:8      | Found a shattered altar of Ashenzari.
  5327 | D:7      | Reached XP level 10. HP: 46/94 MP: 8/8
  5454 | D:8      | Paralysed by a hornet for 2 turns
  5468 | D:8      | Paralysed by a hornet for 3 turns
  5478 | D:8      | Paralysed by a hornet for 2 turns
  5482 | D:8      | Paralysed by a hornet for 1 turns
  5485 | D:8      | Paralysed by a hornet for 2 turns
  5525 | D:8      | Reached ** piety under Makhleb
  5539 | D:8      | Splashed by an orc's acid

Illustrated notes

Levels and vault maps discovered:
D:1:      minmay_arrival_four_circles, layout_rooms
D:2:      layout_basic, gammafunk_temple_overflow_forgotten,
          nicolae_overflow_crystal_walls, first_ration
D:3:      layout_rooms, marbit_many_paths, minitemple
D:4:      layout_loops_ring
D:5:      layout_loops_corners, lemuel_round_altar, cheibrodos_ashenzari_chains
D:6:      layout_basic, hangedman_ru_absence, minmay_temple_entry_proselytizer,
          uniq_sigmund
D:7:      layout_gridville, grunt_gozag_breadcrumbs, old_standard_altar,
          kennysheep_nondescript, hex_tiny, grunt_livestock, uniq_duvessa,
          uniq_pikel
D:8:      layout_rooms, overflow_temple_1_default
Temple:   corrupted_temple

Skill      XL: |  1  2  3  4  5  6  7  8  9 |
---------------+----------------------------+-----
Fighting       | 3 4 5 6 7 |  7.4
Axes           | 3 4 5 6 8 |  8.5
Armour         | 4 5 6 7 8 |  8.3
Shields        | 4 5 6 7 8 |  8.3
Invocations    | 3 |  3.7

Action                   |  1- 3 |  4- 6 |  7- 9 | 10-12 || total
-------------------------+-------+-------+-------+-------++-------
Melee: War axe           |    67 |   200 |   442 |   107 ||   816
 Abil: Heal Wounds       |       |     4 |    22 |     3 ||    29
  Use: Potion            |       |       |     2 |     2 ||     4
       Scroll            |       |       |       |     7 ||     7
  Eat: Chunk             |       |     5 |    16 |     1 ||    22
Armor: Scale mail        |    42 |    91 |   209 |       ||   342
       Chain mail        |       |       |       |    39 ||    39
       Skin              |       |       |       |    34 ||    34
Dodge: Dodged            |    23 |    66 |   159 |    25 ||   273
Block: Kite shield       |    40 |   115 |   291 |    83 ||   529
